Map: Terrazze Prion

Players

LaWeedaLoca

  • Race: Zerg Zerg
  • League: Master

Vino

  • Race: Zerg Zerg
  • League: Gold

Jhyrachy

  • Race: Zerg Zerg
  • League: Gold

Randaban

  • Race: Zerg Zerg
  • League: Gold

VOD

Have the link to the VOD?

Description

Time

  • Played on: April 11, 2016, 6:47 p.m.
  • Length: 9:33
Show
View Real Time Build Order
Export as new Build Order

LaWeedaLoca Zerg 

Build Orders: Pool First 

Get SALT Encoding   

  12  0:01  Drone  
  13  0:09  Drone  
  14  0:14  Extractor  
  14  0:17  Drone  
  14  0:34  Spawning Pool  
  13  0:39  Drone  
  14  0:45  Overlord  
  14  1:04  Drone  
  14  1:05  Drone x2  
  17  1:23  Metabolic Boost  
  17  1:26  Queen  
  17  1:27  Zergling x2  
  17  1:31  Zergling x2  
  21  1:42  Zergling x2  
  22  2:10  Spine Crawler  
  21  2:19  Hatchery  
  20  2:25  Overlord x2  
  20  2:27  Drone  
  21  2:43  Overlord x2, Queen  
  23  3:02  Drone x2  
  23  3:03  Drone  
  23  3:29  Queen  
  25  3:38  Extractor  
  25  3:39  Zergling x8  
  28  3:45  Drone  
  28  3:46  Drone x2  
  28  3:47  Drone  
  32  4:18  Zergling x22  
  42  4:57  Hatchery  
  42  4:58  Queen  
  42  5:14  Drone x2  
  42  5:15  Drone x2  
  44  5:32  Evolution Chamber  
  42  5:38  Evolution Chamber  
  38  5:49  Roach Warren  
  32  6:07  Zergling x2  
  32  6:08  Zergling x22  
  44  6:11  Zerg Ground Armor Level 1  
  44  6:13  Zergling x4  
  44  6:14  Zergling x2  
  47  6:19  Zergling x6  
  47  6:20  Zergling x4  
  47  6:23  Zergling x2  
  47  6:24  Zergling x2  
  47  6:25  Zerg Melee Weapons Level 1  
  49  6:37  Zergling x6  
  41  6:42  Zergling x2  
  41  6:43  Zergling x10  
  40  6:53  Zergling x4  
  39  6:55  Queen  
  39  6:56  Queen  
  39  6:59  Queen  
  39  7:06  Zergling x12  
  36  7:17  Spine Crawler  
  33  7:25  Spine Crawler  
  33  7:27  Roach  
  27  8:01  Roach  
  27  8:02  Roach x5  
  35  8:19  Roach  
  41  8:20  Roach x2  
  37  8:45  Roach x4  
Show
View Real Time Build Order
Export as new Build Order

Vino Zerg 

Build Orders: Pool First 

Get SALT Encoding   

  12  0:01  Drone  
  13  0:07  Drone  
  14  0:18  Extractor, Drone  
  15  0:22  Overlord  
  15  0:40  Drone  
  15  0:41  Drone  
  17  0:44  Drone  
  18  0:54  Spawning Pool  
  18  0:55  Drone  
  18  1:13  Overlord  
  18  1:26  Extractor  
  18  1:28  Drone  
  18  1:30  Drone  
  19  1:42  Queen  
  21  1:48  Hatchery, Roach Warren  
  21  1:50  Drone  
  21  1:54  Drone  
  22  2:01  Zergling x2  
  22  2:07  Spine Crawler  
  21  2:11  Zergling x2  
  22  2:22  Zergling x2  
  22  2:31  Zergling x2  
  25  2:44  Roach  
  25  2:45  Metabolic Boost  
  26  3:02  Hatchery  
  26  3:03  Roach x3  
  29  3:37  Overlord x2  
  29  3:38  Hatchery  
  28  3:50  Overlord  
  28  3:53  Drone  
  29  3:57  Queen  
  31  4:19  Roach x2  
  35  4:25  Spore Crawler  
  35  4:30  Drone  
  35  4:33  Drone  
  35  4:38  Extractor  
  35  4:43  Drone x3  
  38  4:48  Zergling x2  
  41  4:52  Roach  
  41  4:56  Roach  
  43  5:06  Roach x2  
  47  5:11  Roach  
  47  5:15  Roach  
  47  5:18  Roach  
  51  5:28  Roach x2  
  55  5:29  Roach  
  57  5:38  Overlord  
  57  5:48  Zergling x2  
  57  5:49  Overlord  
  58  5:50  Overlord  
  58  5:59  Drone x3  
  58  6:00  Drone x2  
  63  6:07  Overlord  
  63  6:16  Queen  
  63  6:23  Spore Crawler  
  62  6:27  Spore Crawler  
  62  6:28  Drone  
  58  6:37  Drone  
  58  6:38  Drone x2  
  53  6:50  Lair  
  47  6:54  Evolution Chamber  
  47  7:00  Drone x3  
  47  7:01  Drone x2  
  51  7:12  Zergling x8  
  51  7:24  Roach x3  
  51  7:25  Roach  
  59  7:40  Roach x5  
  69  7:55  Spire  
  69  7:57  Roach  
  68  8:11  Glial Reconstitution  
  64  8:13  Roach  
  64  8:14  Roach x3  
  72  8:25  Roach x2  
  70  8:38  Drone x3  
  70  8:39  Drone x2  
  75  8:45  Drone x4  
  75  8:46  Drone  
  80  8:50  Roach x3  
  85  8:58  Extractor  
  85  9:01  Roach  
  85  9:02  Roach x2  
  88  9:04  Overlord x2  
Show
View Real Time Build Order
Export as new Build Order

Jhyrachy Zerg 

Build Orders:  

Get SALT Encoding   

Show
View Real Time Build Order
Export as new Build Order

Randaban Zerg 

Build Orders:  

Get SALT Encoding   

Tags
 
Add a new tag
Caveats
  • Supply blocks, unpowered buildings, or Contaminate may cause inaccurate times.
  • Supply counts are checked every 10 seconds.